 Dungeon Crawl Stone Soup version 0.27-a0-1202-ge72e49191c (webtiles) character file.

Game seed: 3857204497416142514

23 Glokmah the Charlatan (level 2, 22/22 HPs)
             Began as a Demonspawn Artificer on June 4, 2021.
             Was a Follower of Yredelemnul.
             Quit the game on level 1 of the Dungeon.
             The game lasted 00:01:22 (794 turns).

Glokmah the Charlatan (Demonspawn Artificer)         Turns: 794, Time: 00:01:22

Health: 22/22      AC:  3    Str: 12    XL:     2   Next: 72%
Magic:  2/2        EV: 11    Int: 12    God:    Yredelemnul [*.....]
Gold:   10         SH:  0    Dex: 13    Spells: 1/1 levels left

rFire    . . .     SeeInvis .   a - +0 spear
rCold    . . .     Faith    .   (no shield)
rNeg     . . .     Spirit   .   b - +0 leather armour
rPois    .         Reflect  .   (helmet restricted)
rElec    .         Harm     .   (no cloak)
rCorr    .         Rampage  .   (no gloves)
Will     .....                  (no boots)
Stlth    +.........             (no amulet)
HPRegen  0.07/turn              (no ring)
MPRegen  0.08/turn              (no ring)

@: no status effects
A: antennae 1
a: Renounce Religion, Animate Remains


You were on level 1 of the Dungeon.
You worshipped Yredelemnul.
Yredelemnul was aware of your devotion.
You visited 1 branch of the dungeon, and saw 1 of its levels.

You collected 10 gold pieces.

Inventory:

Hand Weapons
 a - a +0 spear (weapon)
Armour
 b - a +0 leather armour (worn)
Wands
 c - a wand of flame (11) (quivered)
 d - a wand of charming (15)
Scrolls
 f - 3 scrolls of teleportation {unknown}
 i - a scroll of identify {unknown}
Potions
 g - a potion of brilliance {unknown}
 h - a potion of magic {unknown}
 j - a potion of mutation {unknown}
Miscellaneous
 e - a piece from Xom's chessboard (15/15)


   Skills:
 + Level 1.7 Fighting
 - Level 1.7 Armour
 - Level 0.8 Dodging
 - Level 0.8 Stealth
 * Level 3.7 Evocations


You had one spell level left.
You didn't know any spells.
Your spell library contained the following spells:

 Spells                   Type           Power      Damage    Failure   Level
 Animate Skeleton         Necr           0%         N/A       38%         1
 Pain                     Necr           0%         1d4       38%         1
 Vampiric Draining        Necr           0%         2d6       77%         3
 Animate Dead             Necr           0%         N/A       99%         4
 Agony                    Necr           0%         N/A       100%        5


Dungeon Overview and Level Annotations

Branches:
Dungeon (1/15)

Altars:
Yredelemnul


Innate Abilities, Weirdness & Mutations

You have a pair of small antennae on your head.


Message History

Found a leather armour.
You pick up a book of Necromancy and begin reading...
You add the spells Pain, Animate Skeleton, Vampiric Draining, Animate Dead and Agony to your library.
i - a scroll labelled WAMA FYSEMI
j - a metallic inky potion
Found 5 gold pieces.
Found a faded altar of an unknown god.
A hobgoblin comes into view.
You see here 5 gold pieces.
The hobgoblin shouts!
You reach to attack!
You barely miss the hobgoblin. You barely miss the hobgoblin.
The hobgoblin closely misses you.
You closely miss the hobgoblin. The hobgoblin closely misses you.
You hit the hobgoblin.
You kill the hobgoblin!
No target in view!
You now have 5 gold pieces.
You now have 10 gold pieces (gained 5).
There is a faded altar of an unknown god here.
You cannot tell which god this altar belongs to.
Convert to them anyway?
Yredelemnul accepts your prayer! Yredelemnul welcomes you!
You can now animate remains.
Okay, then.
Okay, then.
You attempt to give life to the dead...
There are no remains here to animate!
You see here a hobgoblin corpse.
You attempt to give life to the dead...
The dead are walking!
Magic restored.
Found a stone staircase leading down.
There is a stone staircase leading down here.
You swap places.
There is a stone staircase leading down here.
You swap places.
There is a basalt altar of Yredelemnul here.
A hobgoblin comes into view.
(D) Dungeon
Where to? (? - help)
Okay, then.
Are you sure you want to abandon this character and quit the game? (Confirm with "yes".)

.# #... ................
.# #### ########.#.#####
.### #######.#......
...# #8#.^8#....####
.#.# #^#.#^#....# .#.# .
#.....#....#### .#+###
.g. #.#............
.....#
...?.#######....#..#####
.....#
.......@.Z._....#{.#
.....#
......######....#Z.#
##+### .....
#.#....##.## ....
#.....###..# ... #^#.#.#
##.## .. #8#.^8# #..# .
####### #..### #.#
#..... #.# ##..##


You could see a hobgoblin and a friendly hobgoblin zombie.

Vanquished Creatures
  A gnoll (D:1)
  2 dart slugs (D:1)
  An endoplasm (D:1)
  3 goblins (D:1)
  A hobgoblin (D:1)
  A bat (D:1)
9 creatures vanquished.

Notes
Turn   | Place    | Note
-------+----------+-------------------------------------------
     0 | D:1      | Glokmah the Demonspawn Artificer began the quest for the
                  | Orb.
     0 | D:1      | Reached XP level 1. HP: 15/15 MP: 1/1
   102 | D:1      | Gained mutation: You have a pair of small antennae on your
                  | head. [demonic ancestry]
   102 | D:1      | Reached XP level 2. HP: 14/21 MP: 2/2
   640 | D:1      | Found a faded altar of an unknown god.
   661 | D:1      | Became a worshipper of Yredelemnul the Dark
   661 | D:1      | Reached * piety under Yredelemnul
   794 | D:1      | Quit the game

Illustrated notes

Levels and vault maps discovered:
D:1:      zaba_arrival_water, layout_basic,
          shapermc_ecumenical_altar_mp_highgroup

Action                   || total
-------------------------++-------
Melee: Spear             ||    37
Invok: Animate Remains   ||     1
Evoke: Wand              ||     4
       Piece from Xom's  ||     1
 Stab: Sleeping          ||     1
Armor: Leather armour    ||    13
Dodge: Dodged            ||    10

Table legend: (Time is in decaauts)
 A = Elapsed time spent in this place.
 B = Non-inter-level travel time spent in this place.
 C = Inter-level travel time spent in this place.
 D = Time resting spent in this place.
 E = Time spent auto-exploring this place.
 F = Levels seen in this place.
 G = Mean time per level.
                   A        B        C        D        E       F      G
               +--------+--------+--------+--------+--------+-----+--------+
         Total |    803 |    803 |      0 |      0 |    656 |   1 |  803.0 |
       Dungeon |    803 |    803 |      0 |      0 |    656 |   1 |  803.0 |
               +--------+--------+--------+--------+--------+-----+--------+

Top non-repeatable levels by time:
     D:1: 803 daAuts
